 Dungeon Crawl Stone Soup version 0.31-a0-319-g4fced400ed (webtiles) character file.

Game seed: 8077021001493079464

115178 Strat the Champion of Chaos (level 16, -10/106 HPs)
             Began as a Gargoyle Earth Elementalist on July 17, 2023.
             Was the Champion of Makhleb.
             Killed from afar by a deep elf knight (26 damage)
             ... with a shard of ice
             ... on level 1 of the Elven Halls.
             The game lasted 01:33:34 (36169 turns).

Strat the Champion of Chaos (GrEE)                 Turns: 36169, Time: 01:33:34

Health: -10/106    AC: 27    Str: 12    XL:     16   Next: 67%
Magic:  0/28       EV: 10    Int: 24    God:    Makhleb [******]
Gold:   3761       SH:  8    Dex: 10    Spells: 13/31 levels left

rFire   + . .        b - staff of earth
rCold   . . .        (no shield)
rNeg    + . .        k - +2 ring mail {Will+}
rPois   ∞            K - +2 hat
rElec   +            O - +0 cloak
rCorr   .            D - +1 pair of gloves
SInv    .            v - +0 pair of boots
Will    ++...        M - brooch of Shielding {Spirit SH+8}
Stlth   ++           g - +4 ring of slaying
HPRegen 0.37/turn    H - ring of protection from fire
MPRegen 0.21/turn

%: guardian spirit
@: flying
A: sickness immunity, AC +12, big wings, negative energy resistance 1,
electricity resistance, torment resistance 1, petrification resistance
a: Renounce Religion, Minor Destruction, Lesser Servant of Makhleb, Major
Destruction, Greater Servant of Makhleb


You were on level 1 of the Elven Halls.
You worshipped Makhleb.
Makhleb was exalted by your worship.
You visited 5 branches of the dungeon, and saw 24 of its levels.
You visited the Abyss 2 times.
You also visited: Sewer and Bailey.

You collected 3841 gold pieces.
You spent 80 gold pieces at shops.

Inventory:

Hand Weapons
 a - a +0 quarterstaff of freezing
Missiles
 n - 4 javelins
 y - 4 boomerangs of dispersal
 Q - 11 throwing nets
Armour
 d - the +1 robe of Roacodd {rC+ SInv}
   (You took it off an orc on level 6 of the Dungeon)

   rC:        It protects you from cold.
   SInv:      It lets you see invisible.
 k - a +2 ring mail of willpower (worn)
 v - a +0 pair of boots (worn)
 A - a +2 robe of willpower
 D - a +1 pair of gloves (worn)
 K - a +2 hat (worn)
 L - +0 acid dragon scales
 O - a +0 cloak (worn)
Magical Staves
 b - a staff of earth (weapon)
Jewellery
 g - a +4 ring of slaying (left hand)
 l - a ring of ice
 s - a ring of wizardry
 H - a ring of protection from fire (right hand)
 M - the brooch of Shielding (around neck) {Spirit SH+8}
   (You found it on level 8 of the Dungeon)

   [amulet of guardian spirit]

   It causes incoming damage to be divided between your reserves of health and
   magic.
   SH:        It affects your SH (+8).
Wands
 c - a wand of paralysis (20)
 p - a wand of polymorph (1)
 E - a wand of flame (30)
 G - a wand of iceblast (13)
 N - a wand of mindburst (19)
Scrolls
 o - a scroll of vulnerability
 r - 5 scrolls of identify
 t - 9 scrolls of poison
 x - 3 scrolls of fog
 F - a scroll of silence
 T - 3 scrolls of enchant armour
Potions
 e - 6 potions of curing
 f - a potion of resistance {unknown}
 h - a potion of invisibility
 i - 3 potions of ambrosia
 j - 2 potions of attraction
 m - 2 potions of lignification
 q - 7 potions of enlightenment
 u - a potion of mutation
 C - 4 potions of berserk rage
 R - 3 potions of magic
 S - a potion of cancellation
Miscellaneous
 V - a phantom mirror


   Skills:
 - Level 14.0 Fighting
 - Level 12.0 Staves
 - Level 6.0 Armour
 - Level 1.5 Dodging
 - Level 6.0 Stealth
 - Level 8.0 Spellcasting
 - Level 6.7 Conjurations
 + Level 3.3 Hexes
 + Level 3.3 Summonings
 - Level 2.0 Transmutations
 - Level 12.0 Earth Magic
 - Level 15.2 Invocations
 - Level 10.0 Evocations


You had 13 spell levels left.
You knew the following spells:

 Your Spells              Type           Power      Damage    Failure   Level
a - Sandblast             Erth           100%       2d20      1%          1
b - Stone Arrow           Conj/Erth      100%       3d13      1%          3
c - Passwall              Tmut/Erth      49%        N/A       1%          2
d - Petrify               Tmut/Erth      59%        N/A       8%          4
e - Summon Guardian Gole  Hex/Summ       25%        N/A       10%         3
f - Summon Mana Viper     Hex/Summ       25%        N/A       67%         5

Your spell library contained the following spells:

 Spells                   Type           Power      Damage    Failure   Level
 Slow                     Hex            100%       N/A       3%          1
 Summon Small Mammal      Summ           100%       N/A       3%          1
 Static Discharge         Conj/Air       50%        2-5/arc   4%          2
 Ensorcelled Hibernation  Hex/Ice        34%        N/A       10%         2
 Call Canine Familiar     Summ           25%        N/A       10%         3
 Confusing Touch          Hex            25%        N/A       10%         3
 Scorch                   Fire           18%        2d5       21%         2
 Flame Wave               Conj/Fire      25%        2d8       32%         4
 Gell's Gravitas          Tloc           9%         N/A       36%         3
 Ozocubu's Armour         Ice            9%         N/A       36%         3
 Teleport Other           Tloc           9%         N/A       36%         3
 Vampiric Draining        Necr           9%         2d6       36%         3
 Anguish                  Hex/Necr       8%         N/A       54%         4
 Summon Ice Beast         Ice/Summ       17%        N/A       54%         4
 Summon Lightning Spire   Summ/Air       17%        N/A       54%         4
 Airstrike                Air            4%         2d(1-17)  78%         4
 Dispel Undead            Necr           9%         3d8       78%         4
 Passage of Golubria      Tloc           9%         N/A       78%         4
 Silence                  Hex/Air        8%         N/A       88%         5
 Summon Cactus Giant      Summ           12%        N/A       99%         6
 Death Channel            Necr           4%         N/A       100%        6
 Dispersal                Tloc           4%         N/A       100%        6
 Monstrous Menagerie      Summ           12%        N/A       100%        7
 Ozocubu's Refrigeration  Ice            4%         4d8       100%        7
 Lehudib's Crystal Spear  Conj/Erth      35%        10d9      100%        8
 Cigotuvi's Dreadful Rot  Necr/Pois/Air  Unusable   N/A       N/A         2

Dungeon Overview and Level Annotations

Branches:
Dungeon (15/15)            Temple (1/1) D:4            Lair (5/5) D:10
  Swamp (0/4) Lair:2       Spider (0/4) Lair:3        Slime (0/5) Lair:4
    Orc (2/2) D:10            Elf (1/3) Orc:2        Vaults (0/5) D:14
 Depths (0/4) D:15          Sewer (visited)          Bailey (visited)

Altars:
Ashenzari
Cheibriados
Dithmenos
Elyvilon
Fedhas
Gozag
Hepliaklqana
Kikubaaqudgha
Makhleb
Nemelex Xobeh
Okawaru
Qazlal
Ru
Sif Muna
Trog
Uskayaw
Vehumet
Wu Jian
Xom
Yredelemnul
Zin
The Shining One
Jiyva

Shops:
D:1 [   D:3 !   D:6 !   Orc:2 [*((

Portals:
Hell: Lair:5

Annotations:
D:13 6 transporters
Lair:4 3 runed translucent doors, themarg's ghost, journeyman TeAE
Orc:1 3 runed translucent doors, Aneyh's ghost, journeyman TeMo; voltaire321's ghost, journeyman DsIE


Innate Abilities, Weirdness & Mutations

You are immune to sickness and miasma.
Your stone body is resilient. (AC +12)
You are immune to poison.
Your large and strong wings let you fly.
You resist negative energy. (rN+)
You are resistant to electric shocks. (rElec)
You are resistant to unholy torment.
You are immune to petrification.


Message History

The +1 flail of protection closely misses your blizzard demon.
The +1 flail of protection barely misses your blizzard demon.
Your blizzard demon barely misses the +1 flail of protection.
Your blizzard demon closely misses the +1 flail of protection.
The +1 flail of protection hits your blizzard demon!!
Your blizzard demon closely misses the +1 flail of protection.
Your blizzard demon misses the +1 flail of protection.
The +1 flail of protection hits your blizzard demon!
The +1 flail of protection misses your blizzard demon.
Your blizzard demon misses the +1 flail of protection.
Your blizzard demon barely misses the +1 flail of protection.
The +1 flail of protection hits your blizzard demon! x2
Your blizzard demon completely misses the +1 flail of protection.
Your blizzard demon closely misses the +1 flail of protection.
The +1 flail of protection hits your blizzard demon but does no damage.
Your blizzard demon hits the +1 flail of protection.
Your blizzard demon closely misses the +1 flail of protection.
The +1 flail of protection barely misses your blizzard demon.
The +1 flail of protection hits your blizzard demon!
Your blizzard demon dies!
Your blizzard demon disappears in a puff of smoke!
A deep elf knight comes into view. It is wielding a +0 long sword.
Casting: Summon Guardian Golem (dangerous; 10% risk of failure)
Confirm with . or Enter, or press ? or * to list all spells.
Okay, then.
A demon appears!
You block the +1 flail of protection's attack.
Your green death hits the +1 flail of protection but does no damage.
The +1 flail of protection attacks as you move away!
The +1 flail of protection hits you but does no damage.
A wizard comes into view. It is wielding a +0 dagger.
The wizard shouts!
The +1 flail of protection hits your green death!!
The +1 flail of protection hits your green death!
Your green death gestures at the +1 flail of protection.
The poison arrow hits the +1 flail of protection!
The +1 flail of protection partially resists.
The deep elf knight points at you and mumbles some strange words.
The shard of ice hits you!!
You die...

....e..##.# ##'## #.##.##
#. ........#.# ##...##
#.##.# #. ....)..##.#
##.....## #.##.####.
#.....###.###.......##
#......... ##...##
#.##........)####...#####
###.##
..'.........))).....# .
...
.##.....(..)####...###
##...2...## ##....#
##..@..## ##.#.# ##...##
####.#.### ##'##
#....#.... #e# #.#######.
#.# #....#.... #.#
#####.#.### ... ..# #.#.#
..p .. #...# ... ...##


You could see a deep elf knight, a wizard, a +1 flail of protection (distracted,
ally target) and a friendly green death (summoned).

Vanquished Creatures
  Rupert (D:12)
  A lich (Abyss:2)
  Kirke (D:12)
  Nessos (D:13)
  A fire dragon (D:15)
  Fannar (D:10)
  Harold (D:10)
  8 vault guards (D:14)
  6 hydras
  An ice dragon (D:15)
  2 ogre magi (D:15)
  A boulder beetle (D:14)
  A catoblepas (Lair:4)
  6 centaur warriors
  20 two-headed ogres
  7 orc high priests (Orc:2)
  Urug (D:13)
  2 tengu warriors (D:14)
  2 deep elf knights (Elf:1)
  Nergalle (D:11)
  Sonja (D:13)
  A fire crab (Lair:5)
  2 skysharks
  A wretched star (Abyss:2)
  A sixfirhy (Lair:5)
  Lodul (D:13)
  2 bog bodies (Lair:2)
  A deep elf archer (Elf:1)
  3 orc knights
  2 wizards
  7 deep elf pyromancers (Elf:1)
  5 deep elf zephyrmancers (Elf:1)
  A large abomination (Abyss:2)
  A salamander (Abyss:2)
  A worldbinder (Abyss:2)
  5 cyclopes
  2 manticores
  11 ugly things
  Maurice (D:8)
  A naga mage (Abyss:2)
  9 elephants
  3 black mambas
  A torpor snail (Lair:2)
  Maggie (D:10)
  A gargoyle (D:12)
  An orange demon (Lair:5)
  10 cane toads
  4 smoke demons
  4 komodo dragons
  Psyche (D:10)
  12 rime drakes
  A freezing wraith (D:15)
  8 kobold demonologists
  A rime drake (shapeshifter) (D:13)
  2 ice devils (Lair:5)
  A tengu conjurer (D:14)
  3 meliai (D:14)
  2 red devils (Lair:5)
  A queen bee (Lair:3)
  4 hellwings (Abyss:2)
  5 polar bears
  8 trolls
  A wind drake (shapeshifter) (D:14)
  5 raiju (Abyss:2)
  5 dream sheep (Lair:3)
  17 blink frogs
  3 slime creatures (D:12)
  A ynoxinul (Abyss:2)
  Sigmund (D:3)
  4 wyverns
  A hog (D:12)
  43 yaks
  A vampire (Abyss:2)
  5 basilisks
  3 wraiths
  9 vampire mosquitoes
  A steam dragon (D:6)
  Edmund (D:5)
  7 wargs
  A swamp worm (Lair:2)
  4 acid dragons
  5 hell hounds (Lair:5)
  14 water moccasins
  16 orc warriors
  Pargi (Sewer)
  6 black bears
  2 ice beasts
  A sky beast (D:6)
  7 centaurs
  21 ogres
  20 wolves
  A phantom (D:7)
  4 kobold brigands
  9 bullfrogs
  9 gnoll sergeants
  2 small abominations (Abyss:2)
  2 scorpions (D:6)
  3 wights
  38 killer bees
  3 electric eels
  7 hounds
  2 jellies
  41 orc priests
  9 gnoll boudas
  4 iron imps
  2 sleepcaps
  3 iguanas
  15 orc wizards
  28 gnolls
  6 adders
  3 shadow imps
  3 white imps
  4 ufetubi
  A worm (D:2)
  3 dart slugs
  70 orcs
  5 ball pythons
  9 endoplasms
  5 giant cockroaches
  9 hobgoblins
  7 jackals
  6 quokkas
  A ball python zombie (D:3)
  4 bats
  3 frilled lizards
  10 goblins
  A jackal zombie (D:3)
  35 kobolds
  A quokka zombie (D:3)
  14 rats
  A butterfly (Lair:4)
787 creatures vanquished.

Vanquished Creatures (collateral kills)
  A boulder beetle (D:12)
1 creature vanquished.

Vanquished Creatures (others)
  A deep elf sorcerer (Elf:1)
  A boggart (Elf:1)
2 creatures vanquished.

Grand Total: 790 creatures vanquished

Notes
Turn   | Place    | Note
-------+----------+-------------------------------------------
     0 | D:1      | Strat the Gargoyle Earth Elementalist began the quest for
                  | the Orb.
     0 | D:1      | Reached XP level 1. HP: 10/10 MP: 3/3
   282 | D:1      | Reached XP level 2. HP: 15/15 MP: 3/5
   310 | D:1      | Found Vyibaca's Antique Armour Boutique.
  1424 | D:2      | Reached skill level 5 in Earth Magic
  1424 | D:2      | Reached XP level 3. HP: 19/19 MP: 2/6
  1835 | D:2      | Learned a level 3 spell: Stone Arrow
  1966 | D:2      | Reached XP level 4. HP: 24/24 MP: 4/7
  2667 | D:3      | Found a faded altar of an unknown god.
  2702 | D:3      | Found a basalt altar of Yredelemnul.
  2821 | D:3      | Found a shadowy altar of Dithmenos.
  2869 | D:3      | Noticed Sigmund
  2992 | D:3      | Found Fovochef's Distillery.
  3000 | D:3      | Bought a potion of curing for 30 gold pieces
  3000 | D:3      | Bought a potion of enlightenment for 50 gold pieces
  3291 | D:3      | Reached XP level 5. HP: 28/28 MP: 4/8
  3406 | D:4      | Found a staircase to the Ecumenical Temple.
  3426 | Temple   | Entered the Ecumenical Temple
  3529 | D:4      | Found a transporter.
  3563 | D:4      | Found a blossoming altar of Fedhas.
  3621 | D:4      | Found a transporter.
  3699 | D:3      | Reached skill level 1 in Fighting
  3699 | D:3      | Reached skill level 1 in Conjurations
  3903 | D:4      | Learned a level 2 spell: Passwall
  3939 | D:4      | Noticed an ogre
  3954 | D:4      | Killed an ogre
  3955 | D:4      | Reached XP level 6. HP: 35/35 MP: 2/10
  4092 | D:4      | Noticed a black bear
  4335 | D:4      | Killed a black bear
  4433 | D:4      | Found an ornate altar of the Wu Jian Council.
  4510 | D:4      | Found a burning altar of Makhleb.
  4704 | D:4      | Reached XP level 7. HP: 40/40 MP: 5/12
  4836 | D:4      | Became a worshipper of Makhleb the Destroyer
  5135 | D:4      | Found an iron altar of Okawaru.
  5151 | D:4      | Found a glowing golden altar of the Shining One.
  5408 | D:5      | Entered Level 5 of the Dungeon
  5518 | D:5      | Found a white marble altar of Elyvilon.
  5525 | D:5      | Identified the +5 chain mail of the Slug {Will- Str+4
                  | Int+3}
  5768 | D:5      | Found a glowing drain.
  5781 | Sewer    | Entered a sewer
  5784 | Sewer    | Noticed Pargi
  5787 | Sewer    | Killed Pargi
  5788 | Sewer    | Reached skill level 5 in Fighting
  5788 | Sewer    | Reached XP level 8. HP: 49/49 MP: 6/14
  5878 | Sewer    | Reached * piety under Makhleb
  6152 | D:5      | Noticed Edmund
  6330 | D:5      | Killed Edmund
  6823 | D:3      | Killed Sigmund
  7135 | D:6      | Learned a level 4 spell: Petrify
  7179 | D:6      | Found Yrhosut's Distillery.
  7267 | D:6      | Found a shimmering blue altar of Sif Muna.
  7542 | D:6      | Reached skill level 1 in Invocations
  7542 | D:6      | Reached XP level 9. HP: 60/60 MP: 11/15
  7576 | D:6      | Reached ** piety under Makhleb
  7752 | D:6      | Reached skill level 2 in Invocations
  7997 | D:6      | Identified the +1 robe of Roacodd {rC+ SInv}
  8038 | D:6      | Reached skill level 3 in Invocations
  8348 | D:7      | Reached skill level 5 in Spellcasting
  8938 | D:8      | Found a radiant altar of Vehumet.
  8966 | D:8      | Noticed a green ugly thing
  8990 | D:8      | Reached skill level 4 in Invocations
  9089 | D:8      | Killed a green ugly thing
  9090 | D:8      | Reached skill level 10 in Fighting
  9090 | D:8      | Reached XP level 10. HP: 68/68 MP: 5/18
  9172 | D:8      | Found the brooch of Shielding {Spirit SH+8}
  9286 | D:8      | Found a bloodstained altar of Trog.
  9346 | D:8      | Noticed Maurice
  9363 | D:8      | Killed Maurice
  9364 | D:8      | Reached skill level 10 in Earth Magic
 10062 | D:9      | Reached *** piety under Makhleb
 10402 | D:9      | Found a flagged portal.
 10418 | Bailey   | Entered a bailey
 11005 | Bailey   | Reached skill level 5 in Invocations
 11461 | Bailey   | Identified the staff of Melee {rElec Will+ rCorr Air}
 11621 | D:9      | Noticed a two-headed ogre
 11637 | D:9      | Killed a two-headed ogre
 11638 | D:9      | Reached skill level 6 in Invocations
 11638 | D:9      | Reached XP level 11. HP: 74/74 MP: 12/23
 12036 | D:10     | Entered Level 10 of the Dungeon
 12036 | D:10     | Noticed Maggie
 12041 | D:10     | Killed Maggie
 12167 | D:10     | Reached skill level 1 in Evocations
 12240 | D:10     | Noticed Harold
 12259 | D:10     | Reached **** piety under Makhleb
 12463 | D:10     | Noticed a +0 short sword
 12463 | D:10     | Noticed a +0 dagger
 12463 | D:10     | Noticed a +0 spear
 12469 | D:10     | Noticed Psyche
 12474 | D:10     | Noticed a +0 dagger
 12474 | D:10     | Noticed a +0 spear
 12474 | D:10     | Noticed a +0 falchion
 12474 | D:10     | Noticed a +0 falchion
 12576 | D:10     | Found a staircase to the Lair.
 12674 | D:10     | Reached skill level 7 in Invocations
 12737 | D:10     | Noticed Fannar
 12804 | D:10     | Killed Fannar
 13048 | D:10     | Killed Psyche
 13049 | D:10     | Reached skill level 1 in Staves
 13156 | D:10     | Noticed a +0 short sword
 13564 | D:10     | Found a hide-covered altar of Uskayaw.
 13849 | D:10     | Found a staircase to the Orcish Mines.
 13897 | D:10     | Killed Harold
 14485 | D:11     | Reached skill level 8 in Invocations
 14664 | D:11     | Noticed a two-headed ogre
 14670 | D:11     | Killed a two-headed ogre
 15249 | D:11     | Noticed Nergalle
 15858 | D:12     | Noticed Kirke
 15936 | D:12     | Found an iron altar of Okawaru.
 15995 | D:12     | Reached XP level 12. HP: 82/82 MP: 14/24
 16143 | D:12     | Noticed Rupert
 16350 | Lair:1   | Entered Level 1 of the Lair of Beasts
 16368 | Lair:1   | Identified the +4 mace of Fedhas's Esteem {freeze, rF+
                  | Stlth+}
 17110 | Lair:1   | Identified the +1 ring mail of Noon {MP+9}
 17188 | Lair:1   | Reached skill level 9 in Invocations
 17191 | Lair:1   | Reached skill level 5 in Evocations
 17603 | Lair:2   | Reached skill level 5 in Staves
 18249 | Lair:2   | Found a staircase to the Swamp.
 18578 | Lair:2   | Reached skill level 10 in Invocations
 18976 | Lair:3   | Reached XP level 13. HP: 88/88 MP: 20/25
 19197 | Lair:3   | Reached ***** piety under Makhleb
 20211 | Lair:3   | Found a hole to the Spider Nest.
 20447 | Lair:3   | Reached skill level 11 in Invocations
 21106 | Lair:4   | Found a runed translucent gate.
 21107 | Lair:4   | Found a runed translucent gate.
 21107 | Lair:4   | Found a runed translucent gate.
 21112 | Lair:4   | Noticed themarg's ghost (journeyman TeAE)
 21248 | Lair:4   | Found a staircase to the Slime Pits.
 21249 | Lair:4   | Found a viscous altar of Jiyva.
 21650 | Lair:5   | Entered Level 5 of the Lair of Beasts
 21878 | Lair:5   | Identified the +4 chain mail of a sewer {rElec rCorr Dex+3}
 22198 | Lair:4   | Reached skill level 1 in Armour
 22306 | Lair:4   | Gained mutation: Your large and strong wings let you fly.
                  | [Gargoyle growth]
 22306 | Lair:4   | Reached XP level 14. HP: 90/96 MP: 21/26
 22464 | Lair:5   | Reached skill level 12 in Invocations
 22947 | Lair:5   | Reached ****** piety under Makhleb
 23741 | Lair:5   | Found a burning altar of Makhleb.
 24379 | Lair:5   | Found a gateway to Hell.
 24554 | Orc:1    | Entered Level 1 of the Orcish Mines
 25199 | Orc:1    | Found a runed translucent gate.
 25201 | Orc:1    | Found a runed translucent gate.
 25204 | Orc:1    | Found a runed translucent gate.
 25208 | Orc:1    | Reached skill level 5 in Armour
 25725 | Orc:1    | Noticed voltaire321's ghost (journeyman DsIE)
 25725 | Orc:1    | Noticed Aneyh's ghost (journeyman TeMo)
 25804 | Orc:2    | Entered Level 2 of the Orcish Mines
 25810 | Orc:2    | Upgraded the game from 0.31-a0-303-gdc8c9485ea to
                  | 0.31-a0-319-g4fced400ed
 25987 | Orc:2    | Found a staircase to the Elven Halls.
 26524 | Orc:2    | Reached skill level 10 in Staves
 26676 | Orc:2    | Reached skill level 13 in Invocations
 26836 | Orc:2    | Found Zuseedwuy's General Store.
 26836 | Orc:2    | Found Piagh's Antique Armour Shoppe.
 27349 | Orc:2    | Found Elugum's Weapon Boutique.
 27349 | Orc:2    | Found Zuath's Weapon Shoppe.
 27956 | Orc:1    | You are sucked into a shaft and drop 1 floor!
 28213 | D:11     | Killed Nergalle
 28275 | D:12     | Paralysed by Rupert for 4 turns
 28423 | D:12     | Reached XP level 15. HP: 99/100 MP: 27/27
 28629 | D:12     | Killed Kirke
 28903 | D:12     | Paralysed by Rupert for 4 turns
 29519 | D:12     | Killed Rupert
 29520 | D:12     | Reached skill level 10 in Evocations
 29804 | D:13     | Noticed Sonja
 29824 | D:13     | Killed Sonja
 29944 | D:13     | Found a transporter.
 29945 | D:13     | Found a transporter.
 30032 | D:13     | Noticed Urug
 30052 | D:13     | Killed Urug
 30329 | D:13     | Noticed Lodul
 30360 | D:13     | Killed Lodul
 30548 | D:13     | Noticed Nessos
 30559 | D:13     | Found a transporter.
 30565 | D:13     | Found a transporter.
 30565 | D:13     | Found a transporter.
 30591 | D:13     | Killed Nessos
 30714 | D:13     | Found a transporter.
 31551 | D:14     | Reached skill level 14 in Invocations
 31593 | D:14     | Reached skill level 5 in Stealth
 32208 | D:14     | Found a gate to the Vaults.
 32995 | D:15     | Entered Level 15 of the Dungeon
 33276 | D:15     | Reached skill level 1 in Transmutations
 33600 | D:15     | Reached XP level 16. HP: 105/106 MP: 18/28
 33722 | D:15     | Found a blossoming altar of Fedhas.
 33902 | Abyss:2  | Cast into level 2 of the Abyss (a wizard)
 34097 | Abyss:2  | Noticed a lich
 34117 | Abyss:2  | Killed a lich
 34118 | Abyss:2  | Reached skill level 5 in Conjurations
 34220 | Abyss:2  | Found a corrupted altar of Lugonu.
 34518 | D:15     | Escaped the Abyss
 34616 | Abyss:2  | Found a corrupted altar of Lugonu.
 34616 | Abyss:2  | Cast into level 2 of the Abyss (a wizard)
 34624 | D:15     | Escaped the Abyss
 34888 | D:15     | Reached skill level 15 in Invocations
 35001 | D:15     | Learned a level 3 spell: Summon Guardian Golem
 35007 | D:15     | Learned a level 5 spell: Summon Mana Viper
 35141 | D:15     | Found a staircase to the Depths.
 35381 | D:15     | Reached skill level 1 in Hexes
 35381 | D:15     | Reached skill level 1 in Summonings
 35845 | Elf:1    | Entered Level 1 of the Elven Halls
 36169 | Elf:1    | Killed from afar by a deep elf knight

Illustrated notes

Levels and vault maps discovered:
D:1:      minmay_arrival_floating_metal, layout_loops_ring, serial_shops, shop,
          serial_rivers, chequers_serial_rivers_small_a,
          chequers_serial_rivers_micro_e, chequers_serial_rivers_large_b,
          chequers_serial_rivers_micro_e, chequers_serial_rivers_small_b
D:2:      minmay_inner_zag, layout_loops_ring, minmay_tetromino_i4
D:3:      layout_rooms, nicolae_yredelemnul_corpse_copse,
          mainiacjoe_overflow_six_doors_small, serial_shops, shop,
          shapermc_ecumenical_altar_totnotflames, minmay_misc_feat_ornament,
          uniq_sigmund
D:4:      gammafunk_wand_slinger, layout_basic, demons_altar,
          mainiacjoe_overflow_surrounded_room, mainiacjoe_overflow_swirl,
          marbit_many_paths, minmay_temple_entry_overgrown, serial_rivers,
          chequers_serial_rivers_small_3, chequers_serial_rivers_small_b,
          chequers_serial_rivers_micro_d, chequers_serial_rivers_marsh
D:5:      layout_gridville, elyvilon_altar_5, portal_sewer_entry_c,
          enter_ossuary_5, minmay_misc_feat_tower, uniq_edmund
D:6:      layout_basic, mainiacjoe_overflow_alcove_1, serial_shops,
          nicolae_shop_hallway_plus, minmay_misc_feat_doors,
          minmay_alternating_orb
D:7:      layout_basic
D:8:      layout_loops_ring, mainiacjoe_overflow_small_starburst,
          old_standard_altar, st_stairs_12, minmay_radiant, uniq_maurice
D:9:      layout_irregular_city, enter_bailey_3, kb_lookout_dungeons_type
D:10:     layout_basic, nicolae_uskayaw_en_pointe, david_lair_generic,
          orc_0_dummy, uniq_maggie, uniq_harold, uniq_fannar, uniq_psyche
D:11:     layout_layer_cave, uniq_nergalle
D:12:     layout_loops_ring, okawaru_altar_gauntlet_db, uniq_rupert, uniq_kirke
D:13:     layout_stronghold, drop_trap, serial_nicolae_subway,
          nicolae_sub_station_crystal, nicolae_sub_station_stone,
          nicolae_sub_station_metal, uniq_lodul, uniq_urug, uniq_sonja,
          uniq_nessos
D:14:     layout_grid_maze, erik_vaults_2
D:15:     grunt_enter_depths_hoard, layout_basic, fedhas_altar_3
Temple:   hellmonk_temple_rainy
Lair:1:   layout_gridlike
Lair:2:   layout_roguey, nicolae_swamp_entry_splash_gauntlet
Lair:3:   regret_index_wax_grids, layout_gridlike, spider_nest_entry_web_field,
          st_stairs_6, small_statue_intersection
Lair:4:   layout_regular_city, slime_entry_1, ebering_ghost_rock_garden,
          chequers_serial_rivers_small_b, serial_bayou_shore_b,
          grunt_megastairs_2, serial_bayou_shore_b, lemuel_fruit_fields
Lair:5:   evil_forest, layout_cave_shapes
Orc:1:    layout_caves, gammafunk_ghost_cemetery
Orc:2:    st_orc_town, layout_diamond_mine
Elf:1:    layout_loops_corners, hangedman_elf_disciples,
          nicolae_elf_shapeshifter_party

Skill      XL: |  1  2  3  4  5  6  7  8  9 10 11 12 13 14 15 16 |
---------------+-------------------------------------------------+-----
Earth Magic    | 4 5 6 7 8 9 10 11 12 | 12.0
Fighting       | 1 2 5 8 10 11 12 13 14 | 14.0
Conjurations   | 2 4 6 |  6.7
Spellcasting   | 3 4 5 8 |  8.0
Invocations    | 1 4 6 8 10 11 13 14 15 | 15.2
Evocations     | 4 6 8 9 10 | 10.0
Staves         | 3 6 8 10 11 12 | 12.0
Armour         | 1 6 |  6.0
Stealth        | 6 |  6.0
Transmutations | 1 2 |  2.0
Hexes          | 3 |  3.3
Summonings     | 3 |  3.3
Dodging        | |  1.5

Action                     |  1- 3 |  4- 6 |  7- 9 | 10-12 | 13-15 | 16-18 || total
---------------------------+-------+-------+-------+-------+-------+-------++-------
  Melee: Short sword       |    56 |    76 |       |       |       |       ||   132
         Spear             |       |    40 |    70 |   233 |       |       ||   343
         Punch             |       |       |     1 |     7 |    29 |     7 ||    44
         Staff             |       |       |       |   236 |  1808 |   472 ||  2516
         Quarterstaff      |       |       |       |    53 |    56 |     8 ||   117
   Cast: Sandblast         |    32 |    32 |   108 |    83 |    21 |       ||   276
         Stone Arrow       |       |     7 |    26 |   170 |   191 |    21 ||   415
         Petrify           |       |       |       |    21 |    24 |     3 ||    48
         Summon Guardian G |       |       |       |       |       |     2 ||     2
 Invoke: Major Destruction |       |       |       |       |     4 |       ||     4
         Greater Servant o |       |       |       |       |     3 |     3 ||     6
         Lesser Servant of |       |       |       |       |       |     1 ||     1
  Evoke: Wand              |       |       |     6 |    11 |     2 |       ||    19
    Use: Scroll            |       |     2 |    11 |    12 |    10 |     2 ||    37
         Potion            |       |       |     2 |     2 |     3 |     5 ||    12
   Stab: Sleeping          |     2 |     3 |     5 |     2 |     3 |       ||    15
         Petrified         |       |       |       |       |   132 |     7 ||   139
         Petrifying        |       |       |       |       |     5 |       ||     5
         Paralysed         |       |       |       |       |    33 |       ||    33
 Armour: Robe              |    22 |    59 |    47 |   120 |       |       ||   248
         Acid dragon scale |       |       |       |   171 |   456 |    77 ||   704
         Ring mail         |       |       |       |       |       |    35 ||    35
  Dodge: Dodged            |    42 |    98 |    74 |   323 |   364 |    93 ||   994
  Block: Other             |       |       |       |   284 |   355 |    66 ||   705

Table legend: (Time is in decaauts)
 A = Elapsed time spent in this place.
 B = Non-inter-level travel time spent in this place.
 C = Inter-level travel time spent in this place.
 D = Time resting spent in this place.
 E = Time spent auto-exploring this place.
 F = Levels seen in this place.
 G = Mean time per level.
                   A        B        C        D        E       F      G
               +--------+--------+--------+--------+--------+-----+--------+
         Total |  36050 |  34248 |   1802 |   8773 |  16291 |  28 | 1287.5 |
       Dungeon |  22399 |  21134 |   1265 |   5667 |  10081 |  15 | 1493.3 |
        Temple |     19 |     10 |      9 |      0 |      0 |   1 |   19.0 |
          Lair |   8124 |   7826 |    298 |   1658 |   4405 |   5 | 1624.8 |
  Orcish Mines |   3231 |   3003 |    228 |    796 |   1311 |   2 | 1615.5 |
   Elven Halls |    292 |    292 |      0 |     36 |     89 |   1 |  292.0 |
         Abyss |    585 |    585 |      0 |     84 |      0 |   2 |  292.5 |
         Sewer |    191 |    191 |      0 |      0 |    144 |   1 |  191.0 |
        Bailey |   1205 |   1205 |      0 |    530 |    261 |   1 | 1205.0 |
               +--------+--------+--------+--------+--------+-----+--------+

Top non-repeatable levels by time:
  Lair:5: 2432 daAuts
    D:11: 2192 daAuts
    D:10: 2145 daAuts
   Orc:2: 2000 daAuts
    D:15: 1886 daAuts
    D:14: 1784 daAuts
    D:12: 1725 daAuts
  Lair:3: 1684 daAuts
     D:4: 1678 daAuts
  Lair:2: 1492 daAuts
     D:9: 1478 daAuts
     D:1: 1429 daAuts
    D:13: 1410 daAuts
  Lair:4: 1353 daAuts
     D:6: 1351 daAuts
